 Dungeon Crawl Stone Soup version 0.29.1-1-gd02db6906a (webtiles) character file.

Game seed: 12449250180217962802

8010 112233 the Summoner (level 11, -5/74 HPs)
             Began as an Octopode Summoner on Oct 11, 2022.
             Was an Initiate of Gozag.
             Shot with an arrow by a centaur warrior (26 damage)
             ... on level 9 of the Dungeon.
             The game lasted 00:15:05 (10398 turns).

112233 the Summoner (Octopode Summoner)            Turns: 10398, Time: 00:15:06

Health: -5/74      AC:  1    Str: 11    XL:     11   Next: 24%
Magic:  17/24      EV: 16    Int: 28    God:    Gozag
Gold:   1362       SH:  0    Dex: 13    Spells: 10/28 levels left

rFire   . . .      SeeInvis .   C - +7 dagger of Division {pain, Str+3 Int+7}
rCold   . . .      Faith    .   (no shield)
rNeg    . . .      Spirit   .   (helmet restricted)
rPois   .          Reflect  .   b - amulet of regeneration
rElec   .          Harm     .   (no ring)
rCorr   .          Rampage  .   (no ring)
Will    .....                   (no ring)
Stlth   +++.......              (no ring)
HPRegen 1.02/turn               (no ring)
MPRegen 0.19/turn               (no ring)
                                (no ring)
                                (no ring)

@: studying Evocations
A: almost no armour, amphibious, 8 rings, camouflage 1, gelatinous body 1,
(nimble swimmer 1), tentacles
a: Renounce Religion, Potion Petition, Call Merchant, Bribe Branch


You were on level 9 of the Dungeon.
You worshipped Gozag.
Gozag was most pleased with you.
You visited 2 branches of the dungeon, and saw 10 of its levels.
You also visited: Bailey.

You collected 1447 gold pieces.
You paid 85 gold pieces to Gozag.

Inventory:

Hand Weapons
 e - a +3 long sword of electrocution
 C - the +7 dagger of Division (weapon) {pain, Str+3 Int+7}
   (You found it on level 8 of the Dungeon)

   In the hands of one skilled in necromantic magic, it inflicts extra damage on
   living creatures.
   Str:       It affects your strength (+3).
   Int:       It affects your intelligence (+7).
Missiles
 k - 5 atropa-tipped darts
 o - a throwing net
Jewellery
 b - an amulet of regeneration (around mantle)
Wands
 c - a wand of polymorph (12)
 j - a wand of light (2)
 p - a wand of iceblast (9)
 s - a wand of paralysis (5)
 E - a wand of mindburst (7)
Scrolls
 d - 8 scrolls of identify
 g - 2 scrolls of magic mapping {unknown}
 h - 2 scrolls of blinking {unknown}
 l - 3 scrolls of teleportation {unknown}
 m - a scroll of amnesia {unknown}
 q - a scroll of acquirement {unknown}
 t - a scroll of summoning {unknown}
 y - 2 scrolls of silence {unknown}
 F - a scroll of poison {unknown}
Potions
 a - 4 potions of magic
 f - 3 potions of haste
 i - 2 potions of might
 n - 3 potions of mutation {unknown}
 r - a potion of berserk rage {unknown}
 u - 3 potions of cancellation {unknown}
 v - 3 potions of degeneration {unknown}
 w - 2 potions of brilliance {unknown}
 x - 4 potions of heal wounds {unknown}
 z - 4 potions of invisibility
 A - a potion of flight {unknown}
 B - a potion of lignification {unknown}
 D - a potion of attraction {unknown}


   Skills:
 + Level 6.7 Fighting
 + Level 7.1 Dodging
 - Level 3.0 Stealth
 * Level 9.2 Spellcasting
 * Level 10.6 Summonings
 - Level 2.6 Air Magic


You had 10 spell levels left.
You knew the following spells:

 Your Spells              Type           Power      Damage    Failure   Level
a - Summon Small Mammal   Summ           100%       N/A       1%          1
b - Call Imp              Summ           64%        N/A       1%          2
c - Call Canine Familiar  Summ           64%        N/A       1%          3
d - Summon Guardian Gole  Hex/Summ       42%        N/A       1%          3
e - Summon Lightning Spi  Summ/Air       50%        N/A       2%          4
f - Summon Mana Viper     Hex/Summ       42%        N/A       14%         5

Your spell library contained the following spells:

 Spells                   Type           Power      Damage    Failure   Level
 Foxfire                  Conj/Fire      48%        2x1d6     4%          1
 Slow                     Hex            48%        N/A       4%          1
 Summon Ice Beast         Ice/Summ       42%        N/A       4%          4
 Ensorcelled Hibernation  Hex/Ice        24%        N/A       7%          2
 Confusing Touch          Hex            12%        N/A       13%         3
 Conjure Flame            Conj/Fire      12%        6-21      13%         3
 Ignite Poison            Fire/Tmut/Pois 12%        N/A       13%         3
 Inner Flame              Hex/Fire       12%        N/A       13%         3
 Portal Projectile        Hex/Tloc       24%        N/A       13%         3
 Spider Form              Tmut/Pois      12%        N/A       13%         3
 Vampiric Draining        Necr           12%        2d6       13%         3
 Anguish                  Hex/Necr       6%         N/A       41%         4
 Flame Wave               Conj/Fire      12%        2d6       41%         4
 Leda's Liquefaction      Hex/Erth       6%         N/A       41%         4
 Sticky Flame             Conj/Fire      12%        2d4       41%         4
 Monstrous Menagerie      Summ           32%        N/A       43%         7
 Blade Hands              Tmut           6%         N/A       77%         5
 Irradiate                Conj/Tmut      6%         3d13      77%         5
 Dispersal                Tloc           6%         N/A       100%        6
 Dragon Form              Tmut           6%         N/A       100%        7
 Disjunction              Tloc           6%         N/A       100%        8


Dungeon Overview and Level Annotations

Branches:
Dungeon (9/15)             Temple (1/1) D:6            Lair (0/5) D:8
 Bailey (visited)
    Orc: D:9-12

Altars:
Ashenzari
Cheibriados
Dithmenos
Fedhas
Gozag
Qazlal
Ru
Wu Jian
Xom
Yredelemnul
Zin
The Shining One

Shops:
D:6 :

Portals:
Abyss: D:6

Annotations:
D:5 exclusion: downstairs
D:6 2 transporters, Demigod47's ghost, novice MiFi
D:9 3 runed translucent doors


Innate Abilities, Weirdness & Mutations

You cannot wear most types of armour.
You are amphibious.
You can wear up to eight rings at the same time.
Your skin changes colour to match your surroundings (Stealth+).
Your rubbery body absorbs attacks. (AC +1, EV +1)
((You are camouflaged when in or above water. (Stealth+)))
You have tentacles for arms and can constrict up to eight enemies at once.


Message History

You constrict the howler monkey. The howler monkey hits you.
A howler monkey is nearby!
You hit the howler monkey.
You kill the howler monkey!
You now have 1352 gold pieces (gained 5).
You now have 1357 gold pieces (gained 5).
You swap places.
You now have 1362 gold pieces (gained 5).
Found a stone staircase leading up.
No target in view!
Found a chain mail.
Found an escape hatch in the ceiling.
A centaur warrior comes into view.
You see here 15 gold pieces.
A centaur warrior is nearby!
The centaur warrior wields a +0 longbow.
The centaur warrior shoots an arrow.
The arrow hits you!!
Casting: Call Canine Familiar (safe; 1% risk of failure)
Confirm with . or Enter, or press ? or * to list all spells.
An electric hum fills the air.
The centaur warrior shoots an arrow.
The arrow misses you.
The centaur warrior shoots an arrow.
The arrow hits you!
Unknown command.
Casting: Summon Lightning Spire (dangerous; 2% risk of failure)
Confirm with . or Enter, or press ? or * to list all spells.
A guardian golem appears, shielding your allies.
Unknown command.
Unknown command.
Unknown command.
Unknown command.
Unknown command.
Unknown command.
Unknown command.
Okay, then.
Your lightning spire cannot move out of your way!
The centaur warrior shoots an arrow.
The arrow misses your warg. The arrow hits you!!
* * * LOW HITPOINT WARNING * * *
Your warg bites the centaur warrior!
The centaur warrior shoots an arrow.
The arrow closely misses your warg. The arrow hits you!!
You die...
Your body crumbles into a pile of gold.

#............ ..
#.######.#.## . #. #.#
#...#
..###.#######.######.###
.....................#
....<..####.#######.#
#c.#.####.# #.#
#.h..8.##.# #.#
#....@.##.# #.#
#....9....# #.#
#.....$#### #.####
#.........# #....#
.<.....####.# ####>#
####.... # #.# ...###
#.# [.## . #.# .# ##
#.#.#


You could see a centaur warrior (ally target), a friendly guardian golem
(summoned), a friendly warg (summoned, sheltered) and a friendly lightning spire
(summoned, sheltered).

Vanquished Creatures
  A wyvern (D:8)
  2 yaks (D:8)
  A steam dragon (D:8)
  2 water moccasins (D:8)
  A sky beast (D:8)
  An ogre (D:5)
  A centaur (D:7)
  A bullfrog (D:6)
  A wight (D:7)
  3 killer bees (D:4)
  4 howler monkeys (D:9)
  4 hounds
  A jelly (D:7)
  An iguana (D:5)
  Natasha (twice) (D:4)
  2 orc wizards (D:3)
  5 adders
  4 gnolls (Bailey)
  A worm (D:2)
  2 dart slugs
  18 orcs
  3 endoplasms (D:1)
  3 giant cockroaches
  A hobgoblin (D:4)
  4 jackals
  9 kobolds
  2 quokkas
  A ball python (D:2)
  A bat (D:1)
  2 frilled lizards (D:3)
  5 goblins
  4 rats
93 creatures vanquished.

Vanquished Creatures (collateral kills)
  A hydra (D:8)
  A centaur warrior (D:8)
  Psyche (D:8)
  Grinder (D:6)
  A slime creature (D:8)
  5 yaks
  An acid dragon (D:8)
  2 water moccasins (D:8)
  An orc warrior (Bailey)
  A black bear (D:7)
  An ice beast (D:8)
  2 ogres
  3 kobold brigands
  3 necrophages
  2 scorpions
  7 wights
  3 killer bees (D:4)
  2 howler monkeys (D:9)
  3 orc priests
  A hound (D:7)
  2 iguanas
  Natasha (D:4)
  5 orc wizards
  4 adders
  8 gnolls
  A river rat (D:3)
  A white imp (D:7)
  A worm (D:3)
  2 dart slugs (D:2)
  17 orcs
  5 ball pythons
  3 bats
  3 endoplasms
  A giant cockroach (D:2)
  8 goblins
  5 hobgoblins
  2 jackals (D:4)
  13 kobolds
  3 quokkas
  5 rats
132 creatures vanquished.

Vanquished Creatures (others)
  A wraith (D:7)
  A yak (D:8)
  A wyvern (D:8)
  2 steam dragons
  A water moccasin (D:8)
  2 orc warriors
  5 wights
  A gnoll bouda (D:8)
  2 orc priests (D:8)
  An iguana (D:6)
  An orc wizard (D:8)
  A gnoll (D:8)
  3 orcs
  3 kobolds (D:8)
  2 bushes (D:8)
  3 fungi (D:8)
  18 plants (D:8)
48 creatures vanquished.

Grand Total: 273 creatures vanquished

Notes
Turn   | Place    | Note
-------+----------+-------------------------------------------
     0 | D:1      | 112233 the Octopode Summoner began the quest for the Orb.
     0 | D:1      | Reached XP level 1. HP: 11/11 MP: 3/3
   183 | D:1      | Reached XP level 2. HP: 17/17 MP: 5/5
   262 | D:1      | You fall into a shaft and drop 1 floor!
   535 | D:2      | Reached XP level 3. HP: 22/22 MP: 3/6
   539 | D:2      | Learned a level 3 spell: Call Canine Familiar
   674 | D:2      | Learned a level 2 spell: Call Imp
   909 | D:1      | Reached skill level 1 in Fighting
   956 | D:1      | Reached XP level 4. HP: 28/28 MP: 1/8
  1794 | D:2      | Found a faded altar of an unknown god.
  2015 | D:3      | Reached XP level 5. HP: 27/33 MP: 5/9
  2108 | D:3      | Reached skill level 5 in Summonings
  2317 | D:3      | Found a glowing drain.
  2754 | D:3      | Found a shimmering altar of Xom.
  2754 | D:3      | Found a shimmering altar of Xom.
  2896 | D:4      | Reached XP level 6. HP: 36/39 MP: 4/11
  2957 | D:4      | Noticed Natasha
  2964 | D:4      | Killed Natasha
  3013 | D:4      | Noticed Natasha
  3020 | D:4      | Killed Natasha
  3025 | D:4      | Learned a level 3 spell: Summon Guardian Golem
  3028 | D:4      | Noticed Natasha
  3037 | D:4      | Killed Natasha
  3237 | D:5      | Entered Level 5 of the Dungeon
  3333 | D:5      | Found an ornate altar of the Wu Jian Council.
  3420 | D:5      | Reached XP level 7. HP: 45/45 MP: 7/13
  3684 | D:5      | Found a stormy altar of Qazlal.
  3835 | D:5      | Reached skill level 6 in Summonings
  4584 | D:4      | HP: 2/46 [poisoned by a killer bee]
  4589 | D:4      | HP: 2/46 [poisoned by a killer bee]
  4590 | D:4      | Reached XP level 8. HP: 3/52 MP: 5/15
  4642 | D:4      | HP: 2/52 [poisoned by a killer bee]
  4643 | D:4      | Reached skill level 5 in Spellcasting
  4647 | D:4      | HP: 2/52 [poisoned by a killer bee]
  5674 | D:6      | Found a transporter.
  5678 | D:6      | Found a transporter.
  5683 | D:6      | Reached skill level 7 in Summonings
  5909 | D:6      | Found a staircase to the Ecumenical Temple.
  5995 | Temple   | Entered the Ecumenical Temple
  6015 | Temple   | Became a worshipper of Gozag Ym Sagoz the Greedy
  6045 | D:6      | Learned a level 4 spell: Summon Lightning Spire
  6124 | D:6      | Found a one-way gate to the infinite horrors of the Abyss.
  6124 | D:6      | Noticed Demigod47's ghost (novice MiFi)
  6131 | D:6      | Noticed a white ugly thing
  6148 | D:6      | Found Mimibuptumi's Book Boutique.
  6157 | D:6      | Noticed Grinder
  6205 | D:7      | Noticed a wraith
  6215 | D:7      | Killed a wraith
  6216 | D:7      | Reached XP level 9. HP: 59/59 MP: 9/18
  6249 | D:7      | Reached skill level 5 in Dodging
  6449 | D:7      | Reached skill level 8 in Summonings
  6525 | D:7      | Found a flagged portal.
  6553 | Bailey   | Entered a bailey
  7378 | D:7      | Reached skill level 5 in Fighting
  8231 | D:6      | Killed Grinder
  8439 | D:8      | Reached skill level 9 in Summonings
  8439 | D:8      | Reached XP level 10. HP: 66/66 MP: 14/21
  8510 | D:8      | Reached skill level 1 in Air Magic
  8920 | D:8      | Found a staircase to the Lair.
  8954 | D:8      | Identified the +7 dagger of Division {pain, Str+3 Int+7}
  9212 | D:8      | Noticed Psyche
  9223 | D:8      | Killed Psyche
  9283 | D:8      | Learned a level 5 spell: Summon Mana Viper
  9544 | D:8      | Found a sacrificial altar of Ru.
  9764 | D:8      | Noticed a five-headed hydra
  9764 | D:8      | Noticed a centaur warrior
  9778 | D:8      | Killed a centaur warrior
  9779 | D:8      | Reached skill level 10 in Summonings
  9789 | D:8      | Killed a five-headed hydra
  9790 | D:8      | Reached XP level 11. HP: 40/74 MP: 2/23
 10276 | D:9      | Found a runed translucent gate.
 10276 | D:9      | Found a runed translucent gate.
 10276 | D:9      | Found a runed translucent gate.
 10393 | D:9      | Noticed a centaur warrior
 10398 | D:9      | Shot with an arrow by a centaur warrior

Illustrated notes

Levels and vault maps discovered:
D:1:      minmay_arrival_checkered_box, layout_loops_cross
D:2:      layout_rooms, shapermc_ecumenical_altar_petra,
          chequers_serial_rivers_micro_e
D:3:      layout_loops_ring, xom_redecorated, portal_sewer_entry_b
D:4:      layout_loops_cross, uniq_natasha
D:5:      layout_loops_ring, old_standard_altar, nzn_wu_jian_contemplation,
          kennysheep_nub
D:6:      layout_cave_pools, minmay_temple_entry_waves,
          gammafunk_ghost_abyssal_escape, serial_shops, shop, uniq_grinder
D:7:      layout_basic, enter_bailey_3, dk_vineyard_2, nrook_loot_triangle,
          minmay_joined_circles
D:8:      minmay_bloctagon_deflated, layout_cave_pods, general_overflow_altar,
          minmay_lair_entry_grove, lemuel_flamethrower_2, uniq_psyche
D:9:      layout_loops_ring, gammafunk_ghost_icy, minmay_misc_feat_more_columns
Temple:   nicolae_temple_bog_church

Skill      XL: |  1  2  3  4  5  6  7  8  9 10 11 |
---------------+----------------------------------+-----
Stealth        | 3 |  3.0
Fighting       | 1 2 3 4 5 6 |  6.7
Spellcasting   | 3 4 6 7 8 9 |  9.2
Summonings     | 5 6 7 9 10 | 10.6
Dodging        | 3 4 5 6 7 |  7.1
Air Magic      | 2 |  2.6

Action                   |  1- 3 |  4- 6 |  7- 9 | 10-12 || total
-------------------------+-------+-------+-------+-------++-------
Melee: Unarmed           |    51 |    86 |       |       ||   137
       Tentacles         |    12 |    27 |    27 |     8 ||    74
       Constrict         |    14 |    26 |    29 |     8 ||    77
       Punch             |     1 |     1 |     1 |       ||     3
       Long sword        |       |     2 |    96 |    15 ||   113
       Dagger            |       |       |       |    26 ||    26
 Cast: Summon Small Mamm |    20 |    16 |     2 |       ||    38
       Call Imp          |     5 |    23 |    27 |     4 ||    59
       Call Canine Famil |     1 |    10 |    60 |    16 ||    87
       Summon Guardian G |       |       |    19 |    14 ||    33
       Summon Lightning  |       |       |       |    11 ||    11
Evoke: Wand              |       |       |     3 |     2 ||     5
  Use: Potion            |     1 |     1 |     2 |     4 ||     8
       Scroll            |       |     2 |     1 |       ||     3
 Stab: Sleeping          |     2 |     9 |    11 |     2 ||    24
       Invisible         |     1 |       |       |       ||     1
       Distracted        |       |     1 |     1 |       ||     2
Armor: Skin              |     7 |     9 |     4 |     3 ||    23
Dodge: Dodged            |    45 |    72 |   149 |    32 ||   298
